 Dungeon Crawl Stone Soup version 0.28.0 (webtiles) character file.

Game seed: 16372571638300537652

292 sanka the Caller (level 6, -1/50 HPs)
             Began as a Palentonga Hedge Wizard on Feb 8, 2022.
             Was a Believer of Ru.
             Slain by an ogre (18 damage)
             ... on level 4 of the Dungeon.
             The game lasted 00:07:58 (5155 turns).

sanka the Caller (Palentonga Hedge Wizard)          Turns: 5155, Time: 00:07:58

Health: -1/50      AC:  5    Str: 15    XL:     6   Next: 10%
Magic:  8/10       EV:  9    Int: 14    God:    Ru [**....]
Gold:   148        SH:  0    Dex: 10    Spells: 8/11 levels left

rFire   . . .      SeeInvis +   a - +0 flail
rCold   . . .      Faith    .   (no shield)
rNeg    . . .      Spirit   .   f - +0 robe
rPois   .          Reflect  .   k - +0 helmet
rElec   .          Harm     .   (no cloak)
rCorr   .          Rampage  .   (no gloves)
Will    .....                   (no barding)
Stlth   +.........              (no amulet)
HPRegen 0.16/turn               (no ring)
MPRegen 0.12/turn               (no ring)

@: no status effects
A: large, rugged brown scales 3, see invisible, deformed body, inability to use
devices, roll 1, armoured tail
a: Rolling Charge, Renounce Religion


You were on level 4 of the Dungeon.
You worshipped Ru.
Ru was pleased with you.
You visited 1 branch of the dungeon, and saw 4 of its levels.

You collected 148 gold pieces.

Inventory:

Hand Weapons
 a - a +0 flail (weapon)
 b - a +0 dagger
Armour
 c - a +0 hat
 f - a +0 robe (worn)
 k - a +0 helmet (worn)
Scrolls
 d - a scroll of enchant armour {unknown}
 g - 3 scrolls of immolation {unknown}
 h - 2 scrolls of enchant weapon {unknown}
 m - a scroll of torment {unknown}
 n - 2 scrolls of identify {unknown}
 o - a scroll of teleportation {unknown}
Potions
 e - a potion of mutation {unknown}
 i - a potion of degeneration {unknown}
 j - 2 potions of magic {unknown}
 l - a potion of berserk rage {unknown}


   Skills:
 + Level 3.6 Fighting
 - Level 1.5 Dodging
 - Level 1.2 Stealth
 - Level 3.0 Spellcasting
 - Level 0.8 Conjurations
 - Level 4.0 Summonings
 - Level 1.0 Translocations


You had 8 spell levels left.
You knew the following spells:

 Your Spells              Type           Power      Damage    Failure   Level
a - Magic Dart            Conj           16%        1d3       16%         1
b - Call Imp              Summ           13%        N/A       6%          2

Your spell library contained the following spells:

 Spells                   Type           Power      Damage    Failure   Level
 Slow                     Hex            8%         N/A       22%         1
 Blink                    Tloc           8%         N/A       22%         2
 Conjure Flame            Conj/Fire      3%         6-21      47%         3
 Mephitic Cloud           Conj/Pois/Air  2%         N/A       50%         3


Dungeon Overview and Level Annotations

Branches:
Dungeon (4/15)
 Temple: D:4-7

Altars:
Gozag
Ru
Trog

Annotations:
D:4 Blork the orc


Innate Abilities, Weirdness & Mutations

You are completely covered in rugged brown scales. (AC +3, +7% HP)
You have supernaturally acute eyesight. (SInv)
Armour fits poorly on your strangely shaped body.
You cannot study or use magical devices.
You can roll at nearby foes to attack.
You have a long armoured tail.


Message History

You barely miss the hound skeleton. You tail-slap the hound skeleton.
The hound skeleton is heavily damaged.
The hound skeleton bites you.
The hound skeleton bites you but does no damage.
You hit the hound skeleton.
The hound skeleton is severely damaged.
The hound skeleton barely misses you. The hound skeleton closely misses you.
You hit the hound skeleton but do no damage.
The hound skeleton is severely damaged.
The hound skeleton bites you but does no damage.
You hit the hound skeleton. You tail-slap the hound skeleton.
You destroy the hound skeleton!
You start resting.
Magic restored.
You start resting.
HP restored.
Search for what [Enter for "."]? weap
Things that are here:
a +0 whip; an orc corpse
Found a stone staircase leading up.
An ogre comes into view. It is wielding a +0 giant spiked club.
The ogre shouts!
Casting: Magic Dart (safe; 16% risk of failure)
Confirm with . or Enter, or press ? or * to list all spells.
A beastly little devil appears in a puff of frigid air.
The ogre barely misses you.
Your white imp gestures at the ogre.
The puff of frost hits the ogre!
You barely miss the ogre. You punch the ogre.
The ogre is moderately wounded.
The ogre hits you with a +0 giant spiked club!!
Ouch! That really hurt!
Your white imp gestures at the ogre.
The puff of frost hits the ogre!
Unknown command.
You strike the helpless ogre from behind!
You hit the ogre.
The ogre is severely wounded.
The ogre hits you with a +0 giant spiked club!!
You die...

## <. #. ###.### .. .....#
#.###...#
#..........##############
##..............@O.5......
..#........######.#######
...........## .... #.
#..........# #..###
#..#.........## #..#
............## #..#
............# #..#
...#..##.#)######..#
#.#..............


You could see an ogre (ally target) and a friendly white imp (summoned).

Vanquished Creatures
  A scorpion (D:3)
  A hound skeleton (D:4)
  Robin (D:2)
  4 adders
  A dart slug (D:2)
  5 orcs
  7 endoplasms
  A giant cockroach (D:4)
  15 goblins
  3 hobgoblins
  3 jackals (D:4)
  5 kobolds
  2 quokkas
  6 ball pythons
  2 bats (D:2)
  3 rats
60 creatures vanquished.

Vanquished Creatures (collateral kills)
  A black bear (D:2)
  A worm (D:1)
  4 orcs
  2 goblins (D:2)
  A hobgoblin (D:2)
9 creatures vanquished.

Grand Total: 69 creatures vanquished

Notes
Turn   | Place    | Note
-------+----------+-------------------------------------------
     0 | D:1      | sanka the Palentonga Hedge Wizard began the quest for the
                  | Orb.
     0 | D:1      | Reached XP level 1. HP: 13/13 MP: 4/4
   138 | D:1      | Reached skill level 1 in Fighting
   202 | D:1      | Found a faded altar of an unknown god.
   222 | D:1      | Prayed at the altar of an unknown god.
   222 | D:1      | Became a worshipper of Ru the Awakened
   224 | D:1      | Gained mutation: You cannot study or use magical devices.
                  | [Ru sacrifice]
   224 | D:1      | Reached * piety under Ru
   224 | D:1      | Reached ** piety under Ru
   653 | D:1      | Reached XP level 2. HP: 23/23 MP: 0/6
  1326 | D:1      | Learned a level 2 spell: Call Imp
  1340 | D:2      | Reached skill level 1 in Summonings
  1872 | D:2      | Reached XP level 3. HP: 27/28 MP: 1/7
  2056 | D:2      | Noticed a black bear
  2108 | D:2      | Killed a black bear
  2109 | D:2      | Reached skill level 2 in Summonings
  2109 | D:2      | Reached skill level 3 in Summonings
  2109 | D:2      | Reached XP level 4. HP: 24/35 MP: 2/8
  2302 | D:2      | Reached XP level 5. HP: 36/40 MP: 3/9
  2315 | D:2      | Noticed Robin
  2413 | D:2      | Killed Robin
  3443 | D:3      | Found an opulent altar of Gozag.
  3798 | D:3      | Reached skill level 4 in Summonings
  3966 | D:3      | Found a bloodstained altar of Trog.
  4751 | D:4      | Reached XP level 6. HP: 33/50 MP: 4/10
  4970 | D:4      | Noticed Blork the orc
  5155 | D:4      | Slain by an ogre

Illustrated notes

Levels and vault maps discovered:
D:1:      heliophobic_arrival_ceremonial_halls, layout_basic,
          hellmonk_ecumenical_altar_zigzags, minmay_crystal_water, minivault_26,
          moated_statue
D:2:      layout_rooms, serial_corexii_hall, chequers_hall_statues_corner_a,
          chequers_hall_statues_wall_a, grunt_decor_clamped, uniq_robin
D:3:      layout_basic, mainiacjoe_overflow_tiny_flanked,
          grunt_gozag_breadcrumbs
D:4:      layout_loops_ring, chei_slow_surprise, uniq_blork_the_orc

Skill      XL: |  1  2  3  4  5 |
---------------+----------------+-----
Fighting       | 1 2 3 |  3.6
Summonings     | 1 3 4 |  4.0
Dodging        | |  1.5
Stealth        | |  1.2
Spellcasting   | |  3.0
Conjurations   | |  0.8
Translocations | |  1.0

Action                   |  1- 3 |  4- 6 || total
-------------------------+-------+-------++-------
Melee: Dagger            |    23 |       ||    23
       Tailslap          |     4 |     8 ||    12
       Flail             |    18 |    92 ||   110
       Punch             |       |     1 ||     1
 Cast: Magic Dart        |    53 |    77 ||   130
       Call Imp          |     5 |    12 ||    17
Invok: Sacrifice Artific |     1 |       ||     1
       Reject Sacrifices |       |     1 ||     1
 Stab: Sleeping          |     1 |       ||     1
       Distracted        |       |     2 ||     2
Armor: Robe              |    18 |    40 ||    58
Dodge: Dodged            |    21 |    59 ||    80
